SA
WALLA WALLA WALLEYE @ KENNESAW JETS
06/25/2028
 
TOP OF THE 1ST
Walla Walla Walleye batting - Pitching for Kennesaw Jets : LHP Manuel Ceja
Pitching: LHP Manuel Ceja
Batting: LHB Bennett Whitford 0-0: Ground out 4-3 (Groundball, 34)
Batting: RHB Ramón Yniguez 0-0: Ground out 5-3 (Groundball, 56)
Batting: LHB Rim Hong-Do 0-0: Called Strike
0-1: SINGLE (Groundball, 34D)
Batting: RHB Dhyana Snigdha 0-0: Called Strike
0-1: Fly out, F8 (Line Drive, 8RS)
Top of the 1st over - 0 run(s), 1 hit(s), 0 error(s), 1 left on base; Walla Walla 0 - Kennesaw 0
BOTTOM OF THE 1ST
Kennesaw Jets batting - Pitching for Walla Walla Walleye : LHP Steve Tedder
Pitching: LHP Steve Tedder
Batting: RHB José Luna 0-0: Ball
1-0: Called Strike
1-1: SINGLE (Groundball, 6S) (infield hit)
Batting: LHB Félix Calixto 0-0: Ball
1-0: Called Strike
1-1: Called Strike
1-2: Foul Ball, location: 2F
1-2: Ball
2-2: Ball
3-2: Foul Ball, location: 2F
3-2: Grounds into double play, 4-6-3 (Groundball, 34)
Batting: RHB Patrick Eggen 0-0: Fly out, F8 (Flyball, 8LS)
Bottom of the 1st over - 0 run(s), 1 hit(s), 0 error(s), 0 left on base; Walla Walla 0 - Kennesaw 0
TOP OF THE 2ND
Walla Walla Walleye batting - Pitching for Kennesaw Jets : LHP Manuel Ceja
Batting: RHB Luis Delvalle 0-0: Called Strike
0-1: Ball
1-1: Fly out, F5 (Line Drive, 5L)
Batting: RHB Shuichi Saito 0-0: Ball
1-0: Called Strike
1-1: Called Strike
1-2: Foul Ball, location: 2F
1-2: Strikes out swinging
Batting: LHB Javier Reyes 0-0: Ball
1-0: Called Strike
1-1: Called Strike
1-2: Strikes out swinging
Top of the 2nd over - 0 run(s), 0 hit(s), 0 error(s), 0 left on base; Walla Walla 0 - Kennesaw 0
BOTTOM OF THE 2ND
Kennesaw Jets batting - Pitching for Walla Walla Walleye : LHP Steve Tedder
Batting: RHB Vic Richards 0-0: Ball
1-0: Foul Ball, location: 2F
1-1: Ball
2-1: Ball
3-1: Called Strike
3-2: Base on Balls
Batting: RHB Renato Zuvic 0-0: Ball
1-0: Ball
2-0: Swinging Strike
2-1: Grounds into double play, 4-6-3 (Groundball, 34)
Batting: RHB Bernardo Martínez 0-0: Ball
1-0: Called Strike
1-1: Ball
2-1: Called Strike
2-2: Strikes out looking
Bottom of the 2nd over - 0 run(s), 0 hit(s), 0 error(s), 0 left on base; Walla Walla 0 - Kennesaw 0
TOP OF THE 3RD
Walla Walla Walleye batting - Pitching for Kennesaw Jets : LHP Manuel Ceja
Batting: RHB Icarus Giannopolous 0-0: Ball
1-0: Foul Ball, location: 2F
1-1: Ball
2-1: Ball
3-1: Base on Balls
Batting: RHB Leonardo Medina 0-0: Called Strike
Icarus Giannopolous steals 2nd base
0-1: DOUBLE (Line Drive, 9)
Icarus Giannopolous scores
Batting: LHB Bennett Whitford 0-0: Called Strike
0-1: Fly out, F8 (Flyball, 8RM)
Batting: RHB Ramón Yniguez 0-0: Called Strike
0-1: Fly out, F7 (Flyball, 7)
Batting: LHB Rim Hong-Do 0-0: Ground out U3 (Groundball, 34)
Top of the 3rd over - 1 run(s), 1 hit(s), 0 error(s), 1 left on base; Walla Walla 1 - Kennesaw 0
BOTTOM OF THE 3RD
Kennesaw Jets batting - Pitching for Walla Walla Walleye : LHP Steve Tedder
Batting: RHB Lester Kwiatkowski 0-0: Ground out 5-3 (Groundball, 56S)
Batting: RHB Diego Romero 0-0: Swinging Strike
0-1: Fly out, F9 (Flyball, 9S)
Batting: RHB Jason Hopdown 0-0: Called Strike
0-1: Called Strike
0-2: Foul Ball, location: 2F
0-2: Ball
1-2: Foul Ball, location: 2F
1-2: Strikes out looking
Bottom of the 3rd over - 0 run(s), 0 hit(s), 0 error(s), 0 left on base; Walla Walla 1 - Kennesaw 0
TOP OF THE 4TH
Walla Walla Walleye batting - Pitching for Kennesaw Jets : LHP Manuel Ceja
Batting: RHB Dhyana Snigdha 0-0: Called Strike
0-1: Ball
1-1: Ball
2-1: Ball
3-1: Fly out, F9 (Flyball, 89S)
Batting: RHB Luis Delvalle 0-0: Called Strike
0-1: Ball
1-1: Ball
2-1: Reached on error, E6 (Groundball, 56)
Batting: RHB Shuichi Saito 0-0: Ball
1-0: Foul Ball, location: 2F
1-1: Ball
2-1: Swinging Strike
2-2: Ball
3-2: Strikes out looking
Batting: LHB Javier Reyes 0-0: Ball
1-0: Ball
2-0: Ground out U3 (Groundball, 34)
Top of the 4th over - 0 run(s), 0 hit(s), 1 error(s), 1 left on base; Walla Walla 1 - Kennesaw 0
BOTTOM OF THE 4TH
Kennesaw Jets batting - Pitching for Walla Walla Walleye : LHP Steve Tedder
Batting: RHB José Luna 0-0: Called Strike
0-1: Foul Ball, location: 2F
0-2: Strikes out swinging
Batting: LHB Félix Calixto 0-0: Ball
1-0: Ball
2-0: Foul Ball, location: 2F
2-1: Swinging Strike
2-2: Fly out, F3 (Popup, 3L)
Batting: RHB Patrick Eggen 0-0: Called Strike
0-1: Ball
1-1: Called Strike
1-2: Foul Ball, location: 2F
1-2: Strikes out swinging
Bottom of the 4th over - 0 run(s), 0 hit(s), 0 error(s), 0 left on base; Walla Walla 1 - Kennesaw 0
TOP OF THE 5TH
Walla Walla Walleye batting - Pitching for Kennesaw Jets : LHP Manuel Ceja
Batting: RHB Icarus Giannopolous 0-0: Foul Ball, location: 2F
0-1: Called Strike
0-2: Ball
1-2: Ground out 6-3 (Groundball, 6)
Batting: RHB Leonardo Medina 0-0: Foul Ball, location: 2F
0-1: Called Strike
0-2: Strikes out swinging
Batting: LHB Bennett Whitford 0-0: Ball
1-0: SINGLE (Line Drive, 4MD)
Batting: RHB Ramón Yniguez 0-0: Ball
1-0: Ball
2-0: Called Strike
2-1: Called Strike
2-2: Reached on error, E5 (Groundball, 56)
Bennett Whitford to second
Batting: LHB Rim Hong-Do 0-0: Foul Ball, location: 2F
0-1: Called Strike
0-2: Foul Ball, location: 2F
0-2: Ball
1-2: Ball
2-2: Ball
3-2: Strikes out swinging
Top of the 5th over - 0 run(s), 1 hit(s), 1 error(s), 2 left on base; Walla Walla 1 - Kennesaw 0
BOTTOM OF THE 5TH
Kennesaw Jets batting - Pitching for Walla Walla Walleye : LHP Steve Tedder
Batting: RHB Vic Richards 0-0: Ball
1-0: Called Strike
1-1: Foul Ball, location: 2F
1-2: Fly out, F9 (Flyball, 9)
Batting: RHB Renato Zuvic 0-0: Ball
1-0: Called Strike
1-1: Called Strike
1-2: Strikes out looking
Batting: RHB Bernardo Martínez 0-0: Ball
1-0: Called Strike
1-1: Ball
2-1: Ball
3-1: Ground out 5-3 (Groundball, 56)
Bottom of the 5th over - 0 run(s), 0 hit(s), 0 error(s), 0 left on base; Walla Walla 1 - Kennesaw 0
TOP OF THE 6TH
Walla Walla Walleye batting - Pitching for Kennesaw Jets : LHP Manuel Ceja
Batting: RHB Dhyana Snigdha 0-0: Foul Ball, location: 2F
0-1: Fly out, F5 (Line Drive, 5)
Batting: RHB Luis Delvalle 0-0: Foul Ball, location: 2F
0-1: Ball
1-1: Foul Ball, location: 2F
1-2: Strikes out swinging
Batting: RHB Shuichi Saito 0-0: Ball
1-0: Called Strike
1-1: Called Strike
1-2: Strikes out swinging
Top of the 6th over - 0 run(s), 0 hit(s), 0 error(s), 0 left on base; Walla Walla 1 - Kennesaw 0
BOTTOM OF THE 6TH
Kennesaw Jets batting - Pitching for Walla Walla Walleye : LHP Steve Tedder
Batting: RHB Lester Kwiatkowski 0-0: Called Strike
0-1: Swinging Strike
0-2: Ball
1-2: Ball
2-2: Ball
3-2: Strikes out swinging
Batting: RHB Diego Romero 0-0: Bunt for hit - play at first, batter safe!
Batting: RHB Jason Hopdown 0-0: Fly out, F9 (Flyball, 9LSF)
Batting: RHB José Luna 0-0: Ball
Diego Romero is caught stealing 2nd base
Bottom of the 6th over - 0 run(s), 1 hit(s), 0 error(s), 0 left on base; Walla Walla 1 - Kennesaw 0
TOP OF THE 7TH
Walla Walla Walleye batting - Pitching for Kennesaw Jets : LHP Manuel Ceja
Batting: LHB Javier Reyes 0-0: Ball
1-0: Fly out, F4 (Line Drive, 4)
Batting: RHB Icarus Giannopolous 0-0: Called Strike
0-1: Ball
1-1: SINGLE (Line Drive, 78S)
Pinch Hitting: RHB Bobby Ochs 0-0: Foul Ball, location: 2F
0-1: Ball
1-1: Foul Ball, location: 2F
1-2: Ground out 5-3 (Groundball, 56S)
Icarus Giannopolous to second
Pinch Hitting: RHB Rex Criscuolo 0-0: Ball
1-0: Foul Ball, location: 2F
1-1: Ball
2-1: Called Strike
2-2: Strikes out swinging
Top of the 7th over - 0 run(s), 1 hit(s), 0 error(s), 1 left on base; Walla Walla 1 - Kennesaw 0
BOTTOM OF THE 7TH
Kennesaw Jets batting - Pitching for Walla Walla Walleye : LHP Steve Tedder
Now at 1B: Carlos Samaniego
Now in RF: Rex Criscuolo
Batting: RHB José Luna 0-0: Foul Ball, location: 2F
0-1: Called Strike
0-2: Ball
1-2: Ball
2-2: Fly out, F9 (Line Drive, 89M)
Batting: LHB Félix Calixto 0-0: Called Strike
0-1: Swinging Strike
0-2: Strikes out swinging
Batting: RHB Patrick Eggen 0-0: Ball
1-0: Foul Ball, location: 2F
1-1: SINGLE (Groundball, 56S) (infield hit)
Batting: RHB Vic Richards 0-0: Ball
1-0: Ball
2-0: Swinging Strike
2-1: Foul Ball, location: 2F
2-2: Ball
3-2: Base on Balls
Patrick Eggen to second
Pinch Hitting: SHB Pat Sargent 0-0: Ball
1-0: Ball
2-0: Ball
3-0: Foul Ball, location: 2F
3-1: Base on Balls
Patrick Eggen to third
Vic Richards to second
Batting: RHB Bernardo Martínez 0-0: Foul Ball, location: 2F
0-1: Ball
1-1: Fly out, F8 (Flyball, 8LM)
Bottom of the 7th over - 0 run(s), 1 hit(s), 0 error(s), 3 left on base; Walla Walla 1 - Kennesaw 0
TOP OF THE 8TH
Walla Walla Walleye batting - Pitching for Kennesaw Jets : LHP Manuel Ceja
Now in RF: Omar Durán
Batting: RHB Ramón Yniguez 0-0: Ball
1-0: Ground out 1-3 (Groundball, 13)
Batting: LHB Rim Hong-Do 0-0: Foul Ball, location: 2F
0-1: Ball
1-1: Called Strike
1-2: Ball
2-2: Foul Ball, location: 2F
2-2: Ground out 4-3 (Groundball, 4)
Batting: RHB Dhyana Snigdha 0-0: Called Strike
0-1: Ball
1-1: Ball
2-1: Called Strike
2-2: Foul Ball, location: 2F
2-2: Ball
3-2: Strikes out swinging
Top of the 8th over - 0 run(s), 0 hit(s), 0 error(s), 0 left on base; Walla Walla 1 - Kennesaw 0
BOTTOM OF THE 8TH
Kennesaw Jets batting - Pitching for Walla Walla Walleye : LHP Steve Tedder
Batting: RHB Lester Kwiatkowski 0-0: Called Strike
0-1: Called Strike
0-2: Fly out, F8 (Flyball, 8RM)
Pitching: RHP Fernando Barraza
Batting: RHB Diego Romero 0-0: Fly out, F6 (Popup, 6D)
Batting: RHB Jason Hopdown 0-0: Called Strike
0-1: Ball
1-1: Fly out, F9 (Flyball, 9LM)
Bottom of the 8th over - 0 run(s), 0 hit(s), 0 error(s), 0 left on base; Walla Walla 1 - Kennesaw 0
TOP OF THE 9TH
Walla Walla Walleye batting - Pitching for Kennesaw Jets : LHP Manuel Ceja
Batting: RHB Luis Delvalle 0-0: Called Strike
0-1: Called Strike
0-2: Foul Ball, location: 2F
0-2: Strikes out swinging
Batting: RHB Shuichi Saito 0-0: Called Strike
0-1: Ball
1-1: Foul Ball, location: 2F
1-2: Strikes out looking
Batting: LHB Javier Reyes 0-0: Called Strike
0-1: Ball
1-1: Swinging Strike
1-2: Strikes out swinging
Top of the 9th over - 0 run(s), 0 hit(s), 0 error(s), 0 left on base; Walla Walla 1 - Kennesaw 0
BOTTOM OF THE 9TH
Kennesaw Jets batting - Pitching for Walla Walla Walleye : RHP Fernando Barraza
Pitching: LHP Quan Shiu
Batting: RHB José Luna 0-0: Ground out 1-3 (Groundball, 13S)
Batting: LHB Félix Calixto 0-0: Ball
1-0: Fly out, F7 (Flyball, 7LSF)
Batting: RHB Patrick Eggen 0-0: Ball
1-0: Called Strike
1-1: Called Strike
1-2: Ball
2-2: Ball
3-2: Base on Balls
Batting: RHB Vic Richards 0-0: Called Strike
0-1: Called Strike
0-2: Foul Ball, location: 2F
0-2: Ball
1-2: Foul Ball, location: 2F
1-2: Ball
2-2: Foul Ball, location: 2F
2-2: Fly out, F8 (Flyball, 8RM)
Bottom of the 9th over - 0 run(s), 0 hit(s), 0 error(s), 1 left on base; Walla Walla 1 - Kennesaw 0
Tuesday, July 25th, 2017 - OOTP Baseball 17.12 Build 75